Map: Terraform LE (Void)

Players

qxc

  • Race: Terran Terran
  • League: Master

RepMeaSt (Semper) - Winner!

  • Race: Terran Terran
  • League: Master

Event: Lycan League Weekly August #2

VOD

Have the link to the VOD?

Description

Time

  • Played on: Aug. 10, 2015, 2:40 p.m.
  • Length: 18:54

All games in this series

Show
View Real Time Build Order
Export as new Build Order

qxc Terran 

Build Orders: 1/1/1, Bio Tank, Siege Tank Drop 

Get SALT Encoding   

  12  0:00  SCV  
  13  0:13  SCV  
  14  0:18  Supply Depot  
  14  0:25  SCV  
  15  0:30  Refinery  
  15  0:39  SCV  
  16  0:45  Barracks  
  16  0:51  SCV  
  17  1:03  SCV  
  18  1:15  SCV  
  19  1:31  Orbital Command  
  19  1:32  Marine  
  20  1:34  Factory  
  20  1:37  Refinery  
  20  1:41  Supply Depot  
  20  1:50  Marine  
  21  1:57  SCV  
  22  2:08  Marine  
  23  2:09  SCV  
  24  2:18  Factory Tech Lab, Starport  
  24  2:21  SCV  
  25  2:25  Supply Depot, Marine  
  26  2:33  SCV  
  26  2:36  Siege Tank  
  30  2:43  Marine  
  31  2:47  SCV  
  32  2:54  Medivac  
  33  2:58  Engineering Bay  
  33  2:59  SCV  
  33  3:01  Marine  
  35  3:07  Supply Depot  
  35  3:16  SCV, Siege Tank  
  39  3:28  Supply Depot  
  39  3:29  Marine  
  39  3:34  Viking  
  42  3:45  SCV  
  39  4:01  SCV  
  40  4:05  Command Center, Viking  
  42  4:19  Siege Tank  
  42  4:21  SCV  
  42  4:23  Barracks Tech Lab  
  45  4:42  Viking  
  45  4:43  SCV  
  41  4:55  SCV  
  41  4:56  Siege Tank  
  41  4:57  Marine  
  46  5:07  SCV  
  46  5:14  Viking  
  46  5:19  SCV  
  46  5:22  Orbital Command  
  46  5:23  Stimpack, Marine  
  46  5:31  SCV  
  45  5:43  SCV  
  45  5:44  Siege Tank  
  49  5:50  SCV  
  49  5:55  SCV  
  49  5:56  Marine  
  49  6:01  Barracks x2  
  49  6:02  SCV  
  49  6:04  Viking  
  50  6:08  SCV  
  51  6:14  SCV  
  52  6:19  Barracks  
  52  6:20  SCV  
  52  6:21  Barracks  
  52  6:22  Siege Tank  
  52  6:24  Marine  
  57  6:26  SCV  
  57  6:31  Refinery  
  57  6:32  Refinery  
  58  6:33  SCV  
  58  6:34  Viking  
  58  6:38  SCV  
  62  6:45  SCV  
  63  6:50  SCV  
  64  6:56  Barracks Reactor  
  64  6:57  Barracks Reactor  
  64  6:58  SCV, Supply Depot  
  64  7:01  Supply Depot  
  63  7:02  SCV  
  63  7:03  Command Center  
  58  7:09  Siege Tank  
  58  7:10  SCV  
  58  7:14  SCV  
  63  7:22  SCV  
  62  7:27  SCV  
  60  7:30  Marine  
  60  7:31  Barracks Reactor  
  60  7:32  Barracks Reactor  
  60  7:34  SCV  
  60  7:38  Marine x4  
  60  7:39  SCV  
  60  7:40  Factory  
  60  7:41  Supply Depot, Starport, Combat Shields  
  65  7:48  Marine  
  65  7:49  Bunker  
  65  7:50  Bunker  
  63  7:56  Marine x3  
  63  7:57  Marine  
  67  8:01  Terran Infantry Weapons Level 1  
  67  8:05  Marine  
  67  8:09  Supply Depot, Marine  
  67  8:10  Supply Depot, Marine x3  
  72  8:14  Marine x3  
  72  8:15  Marine  
  72  8:16  Orbital Command  
  76  8:23  Marine  
  77  8:27  Marine x2  
  77  8:28  Marine x2  
  77  8:31  Marine  
  82  8:40  Factory Tech Lab  
  82  8:42  Medivac  
  82  8:43  Supply Depot, Marine x2  
  82  8:44  Marine x2  
  82  8:45  Marine x3  
  82  8:48  Orbital Command  
  91  8:54  Marine x2  
  93  9:01  Marine  
  94  9:05  Siege Tank  
  94  9:06  Marine x2  
  94  9:07  Marine x4  
  103  9:11  SCV x2  
  103  9:12  Marine  
  103  9:13  SCV  
  103  9:14  Medivac x2  
  111  9:17  Factory Tech Lab  
  111  9:19  Supply Depot  
  111  9:23  SCV x2  
  113  9:27  Marine x3  
  113  9:28  Marine  
  113  9:30  Marine  
  117  9:37  Siege Tank x2  
  123  9:38  Marine  
  123  9:39  Marine x2  
  123  9:45  Marine  
  126  9:53  Marine x2  
  126  9:54  Barracks Reactor, Marine x2  
  126  9:55  Medivac x2  
  126  9:56  Marine  
  135  10:00  Marine x2  
  135  10:03  Marine  
  138  10:09  Siege Tank  
  138  10:11  Supply Depot  
  138  10:12  Marine  
  141  10:19  Supply Depot  
  141  10:20  Supply Depot  
  141  10:21  Terran Infantry Armor Level 1, Marine x4, Supply Depot x2  
  141  10:22  Siege Tank  
  141  10:24  Marine x3  
  141  10:32  Marine x2  
  141  10:33  Medivac x2  
  147  10:41  Siege Tank  
  150  10:46  Command Center, Marine x7  
  150  10:47  Marine  
  158  10:50  Marine  
  158  10:51  Marine  
  159  11:00  Siege Tank  
  159  11:03  Marine, Medivac  
  159  11:04  Marine x4  
  166  11:09  Command Center  
  168  11:16  Marine x5  
  168  11:18  Siege Tank  
  169  11:19  Medivac  
  169  11:21  Marine x2  
  169  11:22  Marine x2  
  172  11:32  Siege Tank  
  173  11:34  Medivac  
  173  11:38  Supply Depot x3  
  175  11:49  Medivac  
  175  11:53  Siege Tank  
  163  11:54  Marine x2  
  163  11:55  Marine x5  
  166  12:05  Marine x2  
  161  12:13  Siege Tank  
  161  12:14  Medivac  
  166  12:16  Marine x2  
  166  12:17  Marine x5  
  173  12:26  Planetary Fortress  
  173  12:32  Marine x3  
  173  12:34  Marine  
  177  12:40  Barracks  
  177  12:41  Barracks  
  177  12:42  Supply Depot, Marine  
  177  12:43  Marine  
  177  12:44  Siege Tank  
  182  12:51  Siege Tank  
  178  13:02  Marine x4  
  182  13:11  Marine x2  
  182  13:12  Marine x4  
  188  13:16  Siege Tank  
  191  13:22  Marine x4  
  191  13:25  Siege Tank  
  190  13:29  Marine x2  
  192  13:37  Marine x4  
  192  13:40  Marine x3  
  199  13:48  Siege Tank  
  197  13:51  Marine x2  
  198  13:55  Marine  
  198  13:56  Marine x2  
  195  14:03  Marine x2  
  195  14:04  Marine  
  195  14:05  Marine x2  
  200  14:10  Barracks  
  200  14:12  Barracks  
  200  14:15  Barracks Reactor x2  
  200  14:20  Command Center  
  200  14:22  Planetary Fortress  
  197  14:31  Marine  
  197  14:32  Marine x2  
  197  14:35  Siege Tank  
  198  14:40  Marine x2  
  198  14:41  Marine x2  
  198  14:42  Siege Tank  
  189  14:55  Marine x2, Medivac  
  175  15:01  Marine x4  
  175  15:02  Marine x4  
  175  15:04  Refinery  
  175  15:05  Refinery, Marine x2  
  175  15:06  Refinery x2  
  183  15:10  Marine  
  183  15:11  Marine  
  185  15:19  Siege Tank  
  182  15:25  Marine x5  
  182  15:26  Marine x2  
  185  15:39  Siege Tank, Marine x3  
  185  15:40  Marine  
  192  15:43  Marine  
  192  15:47  Marine  
  192  15:48  Marine  
  195  15:52  Marine x2  
  197  15:57  Marine x2  
  197  16:00  Marine  
  200  16:09  Marine x3  
  199  16:24  Marine x2  
  190  16:27  Marine x2  
  190  16:28  Marine x4  
  190  16:30  Marine x2  
  198  16:40  Marine x2  
  198  16:48  Marine  
  198  16:49  Marine  
  200  17:07  Barracks Reactor, Armory  
  200  17:08  Engineering Bay  
  200  17:17  Orbital Command  
  199  17:38  Marine  
  200  17:48  Siege Tank x2, Marine x5  
  200  17:49  Marine x7  
  200  17:50  Marine x4  
  177  17:52  Medivac  
  158  18:08  Marine x3  
  158  18:11  Medivac  
  158  18:13  Marine x2  
  158  18:15  Marine  
  151  18:20  Siege Tank  
  151  18:22  Marine  
  151  18:23  Marine  
  118  18:28  Marine x2  
  99  18:41  Factory  
  99  18:42  Factory, Barracks  
Show
View Real Time Build Order
Export as new Build Order

RepMeaSt Terran - Winner!

Build Orders: Reaper Expand 

Get SALT Encoding   

  12  0:01  SCV  
  13  0:13  SCV  
  14  0:17  Supply Depot  
  14  0:25  SCV  
  15  0:29  Refinery  
  15  0:39  SCV  
  16  0:45  Barracks  
  16  0:51  SCV  
  17  1:03  SCV  
  18  1:15  SCV  
  19  1:32  Orbital Command  
  19  1:33  Reaper  
  20  1:46  Command Center  
  20  1:59  Factory  
  20  2:00  SCV  
  21  2:06  Barracks Reactor  
  20  2:13  Refinery  
  20  2:14  SCV  
  21  2:20  Supply Depot  
  21  2:26  SCV  
  22  2:38  SCV  
  22  2:43  Marine x2  
  25  2:45  Starport  
  25  2:50  SCV  
  25  2:51  Factory Tech Lab  
  26  2:58  Supply Depot  
  26  3:01  Marine x2  
  28  3:08  SCV  
  28  3:09  Orbital Command  
  29  3:19  Siege Tank  
  32  3:26  Viking  
  34  3:30  Marine x2  
  34  3:33  SCV  
  37  3:46  SCV  
  37  3:48  Marine  
  37  3:51  Siege Tank  
  36  3:58  SCV x2  
  38  4:05  Viking  
  40  4:12  SCV  
  40  4:15  SCV  
  42  4:17  Marine  
  42  4:18  Marine  
  44  4:24  SCV  
  44  4:27  SCV  
  46  4:36  SCV  
  40  4:39  SCV  
  40  4:41  Siege Tank  
  43  4:49  SCV  
  43  4:51  Marine  
  43  4:52  Viking  
  41  5:03  SCV  
  41  5:04  SCV  
  43  5:08  Marine  
  40  5:15  SCV  
  40  5:20  SCV  
  41  5:21  Factory Tech Lab  
  41  5:25  Barracks  
  41  5:26  Viking, Barracks, Marine  
  41  5:27  SCV  
  43  5:44  Marine  
  42  5:50  SCV  
  42  5:54  Siege Tank  
  42  5:56  Viking  
  45  6:02  Marine  
  46  6:05  SCV  
  44  6:18  Marine  
  44  6:19  Marine  
  44  6:20  Marine  
  44  6:21  SCV  
  44  6:22  SCV  
  49  6:28  Viking  
  51  6:34  SCV  
  51  6:36  SCV, Marine  
  53  6:43  Marine  
  53  6:48  Marine  
  53  6:50  Siege Tank  
  53  6:52  Orbital Command  
  54  6:58  Marine  
  53  7:01  Viking  
  53  7:03  SCV  
  50  7:13  Marine  
  49  7:16  SCV  
  49  7:21  SCV  
  49  7:28  SCV  
  47  7:33  SCV  
  47  7:34  Siege Tank  
  47  7:35  Barracks Tech Lab  
  51  7:40  SCV  
  52  7:45  SCV  
  52  7:47  Viking  
  55  7:52  SCV  
  55  7:55  Marine  
  55  7:56  Marine x2  
  55  7:57  SCV  
  60  8:02  Refinery x2  
  60  8:04  Supply Depot x2  
  60  8:10  SCV x2  
  62  8:15  Command Center  
  62  8:18  Barracks Reactor x2  
  62  8:22  SCV  
  62  8:25  SCV  
  64  8:32  Marine  
  65  8:34  SCV, Stimpack  
  65  8:37  SCV, Starport Reactor  
  65  8:38  Barracks  
  65  8:39  Barracks  
  67  8:41  Supply Depot  
  67  8:42  Supply Depot  
  67  8:46  SCV  
  68  8:50  Marine  
  68  8:54  SCV  
  70  8:58  Marine x2  
  70  8:59  SCV, Marine  
  70  9:00  Siege Tank  
  77  9:06  SCV, Marine  
  77  9:07  Marine  
  77  9:09  Supply Depot x2  
  80  9:11  SCV  
  80  9:16  Marine x3  
  84  9:19  Medivac x2  
  88  9:27  Marine x4  
  92  9:34  Marine  
  92  9:38  Marine x2  
  94  9:39  Siege Tank  
  96  9:45  Marine  
  96  9:52  Marine, Medivac x2  
  99  9:53  Marine x3  
  99  9:55  Marine  
  99  9:56  Marine  
  99  9:58  SCV  
  99  9:59  SCV  
  107  10:03  Marine  
  108  10:10  Marine  
  108  10:11  Marine x3  
  108  10:13  Marine x2  
  114  10:14  Refinery  
  114  10:16  Engineering Bay x2  
  114  10:21  SCV x2, Marine  
  114  10:24  Orbital Command  
  114  10:27  Bunker  
  117  10:28  Marine  
  117  10:35  Marine  
  116  10:37  Marine  
  116  10:38  Combat Shields  
  116  10:39  Barracks Reactor x2  
  116  10:40  Viking x2  
  121  10:44  SCV x2  
  121  10:46  Marine x2  
  121  10:49  Terran Infantry Weapons Level 1  
  125  10:51  Terran Infantry Armor Level 1  
  125  10:56  SCV  
  126  10:58  Sensor Tower  
  126  11:02  Marine x3  
  126  11:04  Marine x2  
  129  11:09  SCV x2  
  130  11:16  Marine  
  130  11:17  SCV  
  126  11:18  Siege Tank  
  126  11:20  Marine  
  126  11:30  Marine x2  
  126  11:32  Marine  
  129  11:34  Marine x2  
  129  11:36  Marine x2  
  129  11:37  Marine  
  129  11:38  Marine  
  134  11:43  Factory  
  134  11:44  Supply Depot  
  134  11:45  Armory  
  134  11:46  Supply Depot  
  133  11:48  Marine x2  
  133  11:50  Siege Tank, Marine  
  133  11:52  Marine x2  
  124  12:09  Marine x4  
  124  12:10  Medivac x2, Marine x5  
  124  12:15  Command Center  
  135  12:22  Siege Tank  
  138  12:27  Marine  
  138  12:28  Sensor Tower, Missile Turret x2  
  139  12:32  Marine x4  
  139  12:33  Marine x3  
  139  12:36  Factory Tech Lab  
  146  12:38  Marine  
  147  12:45  Terran Infantry Weapons Level 2, Marine  
  147  12:48  Terran Infantry Armor Level 2  
  147  12:50  Marine  
  146  12:54  Terran Vehicle Weapons Level 1  
  145  13:02  Siege Tank, Marine  
  145  13:04  Marine  
  145  13:05  Marine x4  
  154  13:13  Marine x3  
  154  13:16  Supply Depot  
  154  13:17  Supply Depot  
  157  13:31  Marine x9  
  157  13:33  Medivac  
  168  13:49  Marine x2  
  168  13:51  Siege Tank  
  168  13:52  Marine x5  
  168  13:55  Marine  
  163  14:11  Command Center  
  161  14:19  Marine x9  
  173  14:24  Siege Tank  
  172  14:37  Marine x2  
  168  14:41  Medivac  
  168  14:42  Siege Tank  
  167  14:51  Marine  
  167  14:56  Siege Tank, Marine  
  128  15:07  Medivac  
  157  15:09  Marine x6  
  168  15:14  Siege Tank  
  160  15:26  Marine x3  
  160  15:27  Marine x3  
  160  15:28  Siege Tank  
  169  15:32  Marine  
  170  15:37  Marine  
  170  15:38  Marine  
  172  15:44  Marine  
  173  16:11  Medivac, Siege Tank, Marine x9  
  187  16:25  Siege Tank, Medivac  
  186  16:28  Marine x6  
  188  16:48  Marine  
  188  16:49  Marine  
  188  17:01  Marine  
  188  17:16  Supply Depot  
  188  17:17  Siege Tank, Marine x5  
  188  17:20  Planetary Fortress  
  196  17:31  Marine  
  196  17:32  Marine  
  196  17:38  Marine x4  
  200  17:45  Siege Tank  
  200  17:49  Marine  
  200  17:50  Siege Tank  
  195  17:53  Marine  
  195  17:57  Marine  
  194  18:05  Marine  
  195  18:06  Marine  
  195  18:07  Marine  
  195  18:10  Marine  
  190  18:16  Marine  
  190  18:17  Siege Tank  
  185  18:21  Orbital Command  
  185  18:22  Siege Tank  
  180  18:31  Marine x4  

Tags
 
Add a new tag
Caveats
  • Supply blocks, unpowered buildings, or Contaminate may cause inaccurate times.
  • Supply counts are checked every 10 seconds.